 Dungeon Crawl Stone Soup version 0.17-a0-1397-g0eee0a3 (webtiles) character file.

54 pyrostar991 the Poker (level 3, -6/33 HPs)
             Began as a Minotaur Berserker on June 17, 2015.
             Was a Believer of Trog.
             Mangled by a gnoll
             ... wielding a +0 halberd
              (10 damage)
             ... on level 3 of the Dungeon.
             The game lasted 00:04:15 (1759 turns).

pyrostar991 the Poker (Minotaur Berserker)          Turns: 1759, Time: 00:04:15

Health: -6/33      AC:  6    Str: 22    XL:     3   Next: 66%
Magic:  2/2        EV: 10    Int:  4    God:    Trog [**....]
Gold:   53         SH:  0    Dex:  9    Spells: 0 memorised, 2 levels left

rFire  . . .     SeeInvis .     s - +2 trident (pierce)
rCold  . . .     Clarity  .     n - +0 scale mail
rNeg   . . .     SustAt   .     (no shield)
rPois  .         Gourm    .     (helmet restricted)
rElec  .         Spirit   .     (no cloak)
rCorr  .         Warding  .     (no gloves)
rMut   .         Stasis   .     (no boots)
MR     .....                    (no amulet)
Stlth  ..........               (no ring)
                                (no ring)

@: exhausted, slowed, very slow, not resistant to hostile enchantments,
extremely unstealthy
A: retaliatory headbutt, horns 2
a: Burn Spellbooks, Berserk, Trog's Hand, Renounce Religion


You were on level 3 of the Dungeon.
You worshipped Trog.
Trog was pleased with you.
You were not hungry.

You visited 1 branch of the dungeon, and saw 3 of its levels.

You collected 53 gold pieces.

Inventory:

Hand weapons
 s - a +2 trident of piercing (weapon)
Missiles
 e - 15 arrows of frost
Armour
 n - a +0 scale mail (worn)
Jewellery
 q - an uncursed ring of protection from cold {unknown}
Magical devices
 f - a wand of frost (29)
Scrolls
 a - a scroll of blinking {unknown}
 h - 2 scrolls of magic mapping {unknown}
 i - a scroll of teleportation {unknown}
 k - a scroll of fog {unknown}
 m - 2 scrolls of identify {unknown}
 p - 3 scrolls of remove curse {unknown}
 r - 2 scrolls of enchant weapon {unknown}
Potions
 b - a potion of brilliance {unknown}
 d - 2 potions of might {unknown}
 j - a potion of magic {unknown}
 l - a potion of agility {unknown}
Comestibles
 c - a bread ration
 g - a beef jerky


   Skills:
 * Level 4.1 Fighting
 * Level 4.5 Polearms
 + Level 3.1 Armour
 + Level 2.5 Dodging
 + Level 0.1 Stealth


You had 2 spell levels left.
You didn't know any spells.

Dungeon Overview and Level Annotations

Branches:
Dungeon (3/15)

Altars:
Gozag


Innate Abilities, Weirdness & Mutations

You reflexively headbutt those who attack you in melee.
You have a pair of horns on your head.


Message History

You're too exhausted to go berserk.
The gnoll hits you from afar with a halberd.
The gnoll barely misses you. The gnoll hits you.
The gnoll barely misses you. x2
The gnoll barely misses you.
Found 19 stones.
The gnoll misses you.
The gnoll hits you from afar with a halberd.
* * * LOW HITPOINT WARNING * * *
The gnoll hits you.
* * * LOW HITPOINT WARNING * * *
The gnoll hits you with a halberd.
* * * LOW HITPOINT WARNING * * *
The gnoll hits you but does no damage. The gnoll misses you.
The gnoll closely misses you.
Found a stone staircase leading down.
The gnoll barely misses you. The gnoll closely misses you.
The gnoll hits you from afar with a halberd!
You die...

#..#.#.######.###
##.#.#.# #.#.#.#
#.#.#........
##.#.#########
#....######
#.g.g.(...>
#..gg##### ##.#@#
#..#......#
###########


You could see 4 gnolls.

Vanquished Creatures
  A gnoll (D:1)
  An ooze (D:1)
  2 worms (D:2)
  A ball python (D:2)
  2 giant cockroaches (D:1)
  6 goblins
  4 hobgoblins
  3 kobolds
  A quokka (D:2)
  6 bats
  2 giant newts
  3 rats (D:1)
32 creatures vanquished.

Notes
Turn   | Place    | Note
--------------------------------------------------------------
     0 | D:1      | pyrostar991 the Minotaur Berserker began the quest for the Orb.
     0 | D:1      | Reached XP level 1. HP: 19/19 MP: 0/0
   227 | D:1      | Reached XP level 2. HP: 27/27 MP: 1/1
   291 | D:1      | Reached skill level 4 in Polearms
   703 | D:1      | Reached XP level 3. HP: 29/33 MP: 2/2
   811 | D:2      | Found an opulent altar of Gozag.
  1040 | D:2      | Acquired Trog's second power
  1759 | D:3      | Mangled by a gnoll

Vault maps used:
D:1:      dpeg_arrival_refuge
D:2:      grunt_gozag_breadcrumbs
D:3:      lemuel_round_altar, lemuel_zombie_altar_kikubaaqudgha

Action                   || total
-------------------------++-------
Melee: Spear             ||    51
       Trident           ||    15
Invok: Berserk           ||     1
  Eat: Bread ration      ||     1
       Chunk             ||     1
